 Dungeon Crawl Stone Soup version 0.18.1-48-g4cf74bf (webtiles) character file.

24602 Galewin the Grappler (level 12, -10/122 HPs)
             Began as a Troll Monk on July 31, 2016.
             Was an Elder of Ru.
             Mangled by a centaur simulacrum (22 damage)
             ... on level 13 of the Dungeon.
             The game lasted 00:44:57 (12516 turns).

Galewin the Grappler (Troll Monk)                  Turns: 12516, Time: 00:44:58

Health: -10/122    AC:  8    Str: 26    XL:     12   Next: 82%
Magic:  11/11      EV: 15    Int:  4    God:    Ru [****..]
Gold:   691        SH:  0    Dex: 15    Spells: 0 memorised, 11 levels left

rFire  . . .     SeeInvis .       - Unarmed
rCold  . . .     Gourm    +     C - +1 robe {Archmagi}
rNeg   . . .     Faith    .     (no shield)
rPois  .         Spirit   .     (helmet restricted)
rElec  .         Dismiss  .     k - +0 cloak
rCorr  +         Reflect  .     (gloves unavailable)
SustAt .         Harm     .     (boots unavailable)
MR     .....                    (no amulet)
Stlth  ..........               v - +3 ring of dexterity
                                w - ring of resist corrosion

@: exhausted, no scrolls, drained, not resistant to hostile enchantments,
extremely unstealthy
A: unfitting armour, claws 3, dopey 1, fast metabolism 3, gourmand, regeneration
2, shaggy fur 1, tough skin 2, inability to read while threatened, no stealth,
no conjurations magic, no earth magic, no necromancy magic, disrupted magic 2
a: Draw Out Power, Power Leap, Renounce Religion


You were on level 13 of the Dungeon.
You worshipped Ru.
Ru was greatly pleased with you.
You were not hungry.

You visited 1 branch of the dungeon, and saw 13 of its levels.

You collected 735 gold pieces.
You spent 44 gold pieces at shops.

Inventory:

Armour
 k - a +0 cloak (worn)
 C - a +1 robe of the Archmagi (worn)
Jewellery
 v - a +3 ring of dexterity (right claw)
 w - a ring of resist corrosion (left claw)
 H - a cursed ring of loudness {unknown}
 M - an uncursed ring of ice {unknown}
Wands
 e - a wand of slowing (40/48)
 z - a wand of iceblast (6/15)
 B - a wand of paralysis (8/24)
 D - a wand of flame (24/48)
 E - a wand of random effects (14/48)
 J - a wand of acid (11/15)
 L - a wand of acid (3/15)
Scrolls
 d - 5 scrolls of teleportation
 l - 2 scrolls of summoning {unknown}
 n - a scroll of enchant weapon
 q - 3 scrolls of magic mapping
 r - 4 scrolls of identify
 s - a scroll of fog
 y - 5 scrolls of remove curse
 F - 3 scrolls of blinking {unknown}
 I - 2 scrolls of enchant armour {unknown}
 K - a scroll of recharging
Potions
 a - a potion of might {unknown}
 f - 4 potions of curing
 g - a potion of haste
 h - 2 potions of flight {unknown}
 j - 2 potions of heal wounds {unknown}
 m - a potion of beneficial mutation {unknown}
 o - 2 potions of cancellation
 p - 2 potions of berserk rage
 u - a potion of invisibility {unknown}
 x - a potion of brilliance {unknown}
 A - 2 potions of lignification {unknown}
 G - 2 potions of mutation {unknown}
Comestibles
 b - 8 bread rations
 c - 11 beef jerkies
 i - 5 meat rations
 t - 5 fruits


   Skills:
 + Level 8.9(8.6) Fighting
 + Level 7.6(7.4) Armour
 + Level 8.9(8.7) Dodging
 * Level 14.1(13.8) Unarmed Combat


You had 11 spell levels left.
You didn't know any spells.

Dungeon Overview and Level Annotations

Branches:
Dungeon (13/15)            Temple (0/1) D:6            Lair (0/8) D:10
    Orc (0/2) D:10
 Vaults: D:13-14

Altars:
Ashenzari
Dithmenos
Fedhas
Gozag
Kikubaaqudgha
Makhleb
Ru
Sif Muna
Vehumet
Xom

Shops:
D:5 *   D:7 }   D:12 !


Innate Abilities, Weirdness & Mutations

You are too large for most types of armour.
You have claws for hands.
You are dopey. (Int -2)
Your metabolism is lightning-fast.
You like to eat raw meat.
You heal very quickly.
You are covered in fur (AC +1).
You have very tough skin (AC +2).
You cannot read scrolls while threatened.
You cannot be stealthy.
You cannot study or cast Conjurations magic.
You cannot study or cast Earth magic.
You cannot study or cast Necromancy magic.
Your casting is disrupted.


Message History

You scratch the orc knight. You claw the orc knight.
You kill the orc knight!
The deep elf mage gestures at you while chanting.
The bolt of cold hits you!
* * * LOW HITPOINT WARNING * * *
The centaur simulacrum barely misses you.
The centaur simulacrum hits you but does no damage.
You redirect the deep elf mage's attack!
The deep elf mage hits you with a rapier.
* * * LOW HITPOINT WARNING * * *
A slime creature comes into view.
Items here: $ ) ? [ a dire flail; a plate armour; 2 scrolls of magic mapping; 23 gold pieces Drink which item? (? for menu, Esc to quit)
You feel better.
The slime creature quivers.
The centaur simulacrum hits you.
* * * LOW HITPOINT WARNING * * *
The centaur simulacrum freezes you!!
You die...

#... #..J###
#... ...... #...
# ...o. .. #.
#...# .. #..
##...## .. ..
.#..##.H..[##..
..
.......e.......
..
......Z@8......
..
...............
..
.#..##=...[##..#
.. #. ##...## .#
##
#..###...###..#
#.......[.....#
#.............#
######..)######
# #.....# .


You could see an orc knight, a griffon, a slime creature, a deep elf mage and a
centaur simulacrum.

Vanquished Creatures
  Erolcha (D:8)
  Erica (D:11)
  A death knight (D:13)
  A tengu warrior (D:13)
  The ghost of Ferkelamun the Basher, a novice KoBe of Trog (D:8)
  2 unseen horrors (D:11)
  Pikel (D:8)
  A necromancer (D:13)
  An orc knight (D:13)
  3 hill giants
  3 ugly things
  2 manticores
  2 cyclopes
  Maurice (D:8)
  An elephant (shapeshifter) (D:13)
  Psyche (D:8)
  A gargoyle (D:11)
  3 trolls
  A two-headed ogre (D:12)
  4 slime creatures (D:13)
  A water elemental (D:12)
  3 yaks (D:10)
  3 wyverns
  A hippogriff (D:13)
  4 vampire mosquitoes
  2 hungry ghosts
  11 orc warriors
  6 ice beasts
  A black bear (D:11)
  2 sky beasts
  7 necrophages
  3 wasps
  An eye of draining (D:10)
  2 phantoms (D:10)
  4 ogres
  A wolf (D:5)
  12 centaurs
  A big kobold (D:7)
  4 gnoll sergeants
  3 giant frogs
  6 scorpions
  A troll zombie (D:10)
  10 wights
  10 killer bees
  2 howler monkeys
  6 electric eels
  4 centaur zombies
  6 crimson imps
  4 giant frog zombies
  2 wasp zombies (D:10)
  3 centaur skeletons
  7 hounds
  9 orc wizards
  A giant frog skeleton (D:6)
  5 jellies
  A gnoll shaman (D:5)
  6 orc priests
  14 worker ants
  2 killer bee zombies
  7 ogre zombies (D:10)
  3 hound zombies
  A hound skeleton (D:5)
  2 worker ant zombies
  A howler monkey skeleton (D:4)
  15 adders
  22 gnolls
  3 shadow imps
  An ooze (D:2)
  An adder zombie (D:8)
  2 worms
  9 dart slugs
  7 giant geckos
  84 orcs
  6 giant cockroaches
  23 hobgoblins
  9 jackals
  15 kobolds
  6 quokkas
  A ball python (D:1)
  13 bats
  7 giant newts
  9 goblins
  2 goblin skeletons (D:10)
  3 goblin zombies (D:10)
  4 hobgoblin zombies (D:10)
  2 orc skeletons (D:10)
  14 orc zombies (D:10)
  A quokka skeleton (D:6)
  A quokka zombie (D:6)
  3 rats
  A bush (D:7)
  A plant (D:7)
482 creatures vanquished.

Vanquished Creatures (others)
  An unseen horror (D:11)
  An ogre (D:8)
  A slave (D:8)
  A killer bee (D:12)
  A hound (D:8)
  An orc wizard (D:12)
  A gnoll (D:9)
  An orc (D:12)
  A quokka (D:8)
9 creatures vanquished.

Grand Total: 491 creatures vanquished

Notes
Turn   | Place    | Note
--------------------------------------------------------------
     0 | D:1      | Galewin the Troll Monk began the quest for the Orb.
     0 | D:1      | Reached XP level 1. HP: 22/22 MP: 0/0
    78 | D:1      | Reached XP level 2. HP: 27/29 MP: 1/1
   354 | D:1      | Reached XP level 3. HP: 36/36 MP: 2/2
   685 | D:2      | Found a shimmering altar of Xom.
   834 | D:2      | Reached XP level 4. HP: 20/44 MP: 3/3
   876 | D:2      | Found an ancient bone altar of Kikubaaqudgha.
   919 | D:2      | Reached skill level 5 in Unarmed Combat
  1027 | D:2      | Found a shadowy altar of Dithmenos.
  1045 | D:2      | Found a shattered altar of Ashenzari.
  1141 | D:3      | Reached XP level 5. HP: 3/53 MP: 4/4
  1620 | D:3      | Found an opulent altar of Gozag.
  1812 | D:4      | Noticed an ogre
  1820 | D:4      | Killed an ogre
  1820 | D:4      | Reached skill level 6 in Unarmed Combat
  1820 | D:4      | Reached XP level 6. HP: 27/61 MP: 5/5
  2436 | D:4      | Found a sacrificial altar of Ru.
  2459 | D:4      | Became a worshipper of Ru the Awakened
  2476 | D:4      | Gained mutation: You cannot read scrolls while threatened. [Ru sacrifice]
  2476 | D:4      | Reached * piety under Ru
  2506 | D:4      | Reached XP level 7. HP: 66/68 MP: 6/6
  2938 | D:5      | Entered Level 5 of the Dungeon
  2966 | D:5      | Reached skill level 7 in Unarmed Combat
  3107 | D:5      | Reached skill level 1 in Armour
  3144 | D:5      | Reached XP level 8. HP: 54/79 MP: 7/7
  3391 | D:5      | Reached skill level 8 in Unarmed Combat
  3627 | D:5      | Found Mekk's Assorted Antiques.
  3648 | D:5      | Bought a scroll of identify for 44 gold pieces
  3714 | D:5      | Reached skill level 5 in Fighting
  3954 | D:6      | Found a staircase to the Ecumenical Temple.
  3964 | D:6      | Gained mutation: Your casting is slightly disrupted. [Ru sacrifice]
  3964 | D:6      | Reached ** piety under Ru
  4044 | D:6      | Reached skill level 5 in Dodging
  4231 | D:6      | Reached XP level 9. HP: 88/88 MP: 8/8
  4423 | D:6      | Reached skill level 9 in Unarmed Combat
  4903 | D:7      | Found Withros's Gadget Shop.
  5073 | D:7      | Found a deep blue altar of Sif Muna.
  5235 | D:7      | Found a blossoming altar of Fedhas.
  5292 | D:7      | Gained mutation: You cannot be stealthy. [Ru sacrifice]
  5860 | D:8      | Noticed Psyche
  5864 | D:8      | Killed Psyche
  5864 | D:8      | Reached skill level 10 in Unarmed Combat
  5883 | D:8      | Noticed Erolcha
  5899 | D:8      | Killed Erolcha
  5899 | D:8      | Reached XP level 10. HP: 43/97 MP: 9/9
  5927 | D:8      | Noticed Pikel
  5927 | D:8      | Paralysed by Pikel for 2 turns
  5936 | D:8      | Paralysed by Pikel for 7 turns
  5946 | D:8      | Killed Pikel
  6072 | D:8      | Noticed Ferkelamun's ghost (novice KoBe)
  6098 | D:8      | Killed Ferkelamun's ghost
  6098 | D:8      | Reached skill level 5 in Armour
  6239 | D:8      | Found a burning altar of Makhleb.
  6240 | D:8      | Found a radiant altar of Vehumet.
  6271 | D:8      | Noticed Maurice
  6277 | D:8      | Reached skill level 11 in Unarmed Combat
  6297 | D:8      | Killed Maurice
  7418 | D:9      | Gained mutation: Your casting is disrupted. [Ru sacrifice]
  7428 | D:9      | Got a pair of heavily runed boots
  7532 | D:9      | Reached XP level 11. HP: 106/109 MP: 10/10
  8052 | D:10     | Entered Level 10 of the Dungeon
  8133 | D:10     | Found a staircase to the Orcish Mines.
  8431 | D:10     | Found a staircase to the Lair.
  8547 | D:10     | Reached skill level 12 in Unarmed Combat
  8658 | D:10     | Gained mutation: You are dopey. (Int -2) [Ru sacrifice]
  8658 | D:10     | Reached *** piety under Ru
  9241 | D:11     | Killed an unseen horror
  9382 | D:11     | Noticed Erica
  9395 | D:11     | Killed Erica
  9479 | D:11     | Noticed a hill giant
  9495 | D:11     | Killed a hill giant
 10271 | D:11     | Killed an unseen horror
 10287 | D:11     | Noticed an unseen horror
 10295 | D:11     | Killed an unseen horror
 10326 | D:11     | Reached XP level 12. HP: 36/119 MP: 11/11
 10458 | D:12     | Reached skill level 13 in Unarmed Combat
 10755 | D:12     | Found Zeb Risu's Distillery.
 10875 | D:11     | HP: 6/122 [poisoned by a green ugly thing]
 10880 | D:11     | HP: 5/122 [poisoned by a green ugly thing]
 10885 | D:11     | HP: 6/122 [poisoned by a green ugly thing]
 10890 | D:11     | HP: 6/122 [poisoned by a green ugly thing]
 11114 | D:12     | Gained mutation: You cannot study or cast Earth magic. [Ru sacrifice]
 11114 | D:12     | Gained mutation: You cannot study or cast Necromancy magic. [Ru sacrifice]
 11114 | D:12     | Gained mutation: You cannot study or cast Conjurations magic. [Ru sacrifice]
 11114 | D:12     | Reached **** piety under Ru
 12162 | D:13     | Noticed a death knight
 12181 | D:13     | Killed a death knight
 12465 | D:13     | Noticed a tengu warrior
 12483 | D:13     | Killed a tengu warrior
 12483 | D:13     | Reached skill level 14 in Unarmed Combat
 12516 | D:13     | Mangled by a centaur simulacrum

Skill      XL: |  1  2  3  4  5  6  7  8  9 10 11 12 |
---------------+-------------------------------------+-----
Dodging        | 3 4 5 6 7 8 |  8.9
Unarmed Combat | 5 6 7 8 10 11 12 14 | 14.1
Fighting       | 3 4 5 6 7 8 |  8.9
Armour         | 1 3 4 5 6 7 |  7.6
Stealth        | 0 |  0.0

Action                   |  1- 3 |  4- 6 |  7- 9 | 10-12 || total
-------------------------+-------+-------+-------+-------++-------
Melee: Unarmed           |    78 |   203 |   379 |   746 ||  1406
       Punch             |     1 |     6 |    19 |    60 ||    86
Invok: Sacrifice Words   |       |     1 |       |       ||     1
       Sacrifice Essence |       |       |     1 |     1 ||     2
       Sacrifice Stealth |       |       |     1 |       ||     1
       Draw Out Power    |       |       |       |     4 ||     4
       Sacrifice Purity  |       |       |       |     1 ||     1
       Power Leap        |       |       |       |     2 ||     2
       Sacrifice Arcana  |       |       |       |     1 ||     1
  Use: Scroll            |       |     4 |    12 |     6 ||    22
       Potion            |       |       |       |     4 ||     4
 Stab: Sleeping          |     1 |     3 |       |       ||     4
       Distracted        |       |       |     1 |     2 ||     3
       Invisible         |       |       |       |     5 ||     5
       Paralysed         |       |       |       |     1 ||     1
  Eat: Chunk             |    10 |    14 |    36 |    59 ||   119
       Fruit             |       |       |       |     9 ||     9
Armor: Robe              |    23 |    58 |    75 |   166 ||   322
Dodge: Dodged            |    34 |    84 |   170 |   400 ||   688
